 Dungeon Crawl Stone Soup version 0.22-a0-515-g75794bf (webtiles) character file.

23 Amnesiac the Ducker (level 2, -4/16 HPs)
             Began as a Spriggan Berserker on June 19, 2018.
             Was a Follower of Trog.
             Slain by a human zombie (6 damage)
             ... in an ossuary.
             The game lasted 00:02:34 (903 turns).

Amnesiac the Ducker (Spriggan Berserker)             Turns: 903, Time: 00:02:34

Health: -4/16      AC:  2    Str: 13    XL:     2   Next: 75%
Magic:  3/3        EV: 20    Int:  8    God:    Trog [*.....]
Gold:   24         SH:  0    Dex: 15    Spells: 1/1 levels left

rFire    . . .     SeeInvis +   a - +0 short sword
rCold    . . .     Gourm    .   (shield restricted)
rNeg     . . .     Faith    .   b - +0 animal skin
rPois    .         Spirit   .   (helmet restricted)
rElec    .         Reflect  .   (no cloak)
rCorr    .         Harm     .   (gloves unavailable)
MR       .....                  (boots unavailable)
Stlth    ++........             (no amulet)
HPRegen  0.05/turn              (no ring)
MPRegen  0.08/turn              (no ring)

@: very quick
A: very small, unfitting armour, see invisible, herbivore, speed 3, slow
metabolism 2
a: Berserk, Renounce Religion


You were in an ossuary.
You worshipped Trog.
Trog was aware of your devotion.
You were not hungry.

You visited 1 branch of the dungeon, and saw 4 of its levels.
You also visited: Ossuary.

You collected 24 gold pieces.

Inventory:

Hand Weapons
 a - a +0 short sword (weapon)
Armour
 b - a +0 animal skin (worn)
Scrolls
 d - 2 scrolls of magic mapping {!r, unknown}
 f - a scroll of amnesia {!r, unknown}
 g - 3 scrolls of remove curse {!r, unknown}
Potions
 e - a potion of haste {!q, unknown}
Comestibles
 c - 3 rations


   Skills:
 * Level 2.8 Fighting
 + Level 3.5 Short Blades
 + Level 4.7 Dodging
 + Level 1.6 Stealth


You had one spell level left.
You didn't know any spells.
Your spell library was empty.

Dungeon Overview and Level Annotations

Branches:
Dungeon (4/15)
 Temple: D:4-7

Altars:

Annotations:
D:4 Edmund


Innate Abilities, Weirdness & Mutations

You are very small and have problems with some larger weapons.
You are too small for most types of armour.
You have supernaturally acute eyesight. (SInv)
You are a herbivore.
You cover ground extremely quickly.
You need to consume almost no food.


Message History

The human zombie is moderately damaged.
The human zombie completely misses you.
You closely miss the human zombie.
The human zombie is moderately damaged.
You swing at nothing.
You hit the human zombie.
The human zombie is moderately damaged.
You hit the human zombie.
The human zombie is moderately damaged.
The human zombie closely misses you.
You hit the human zombie.
The human zombie is moderately damaged.
The human zombie barely misses you.
You swing at nothing.
You hit the human zombie.
The human zombie is heavily damaged.
The human zombie misses you.
You hit the human zombie.
The human zombie is heavily damaged.
The human zombie misses you.
You barely miss the human zombie.
The human zombie is heavily damaged.
You hit the human zombie but do no damage.
The human zombie is heavily damaged.
The human zombie completely misses you.
You hit the human zombie.
The human zombie is heavily damaged.
Press: ? - help, v - describe, . - travel
Here: a human zombie (heavily damaged)
The floor.
Okay, then.
You aren't carrying any items that you can evoke.
Unknown command.
You hit the human zombie.
The human zombie is severely damaged.
The human zombie hits you.
* * * LOW HITPOINT WARNING * * *
You hit the human zombie.
The human zombie is severely damaged.
The human zombie hits you but does no damage.
You hit the human zombie.
The human zombie is severely damaged.
You closely miss the human zombie.
The human zombie is severely damaged.
The human zombie misses you.
You hit the human zombie but do no damage.
The human zombie is severely damaged.
The human zombie misses you. An arrow shoots out and misses you.
There is an arrow trap here.
You hit the human zombie.
The human zombie is severely damaged.
You hit the human zombie.
The human zombie is almost destroyed.
You barely miss the human zombie.
The human zombie is almost destroyed.
You hit the human zombie.
The human zombie is almost destroyed.
The human zombie hits you.
* * * LOW HITPOINT WARNING * * *
You hit the human zombie.
The human zombie is almost destroyed.
The human zombie hits you.
You die...

###################
#..................
#..................
#..####..###..###..
#..#.'...# #..#
#^.####..#+#..#
#........#.#..#
#.Z................ #W#
#.@####.......###.. ###
#..# +....8...# ##.##
#..####.......#
##...###.............#
##.....##..............
###...∩...'.^####..####..
#W#.......'..# ...# .
#...∩...'..####..#
##.....##........^


You could see a human zombie.

Vanquished Creatures
  2 oozes
  2 leopard geckos (D:3)
  A giant cockroach (D:4)
  A hobgoblin (D:2)
  3 jackals (D:3)
  2 hobgoblin zombies (Ossuary)
  A kobold zombie (Ossuary)
  A quokka skeleton (D:4)
13 creatures vanquished.

Notes
Turn   | Place    | Note
-------+----------+-------------------------------------------
     0 | D:1      | Amnesiac the Spriggan Berserker began the quest for the Orb.
     0 | D:1      | Reached XP level 1. HP: 11/11 MP: 2/2
   223 | D:3      | Reached skill level 1 in Stealth
   230 | D:3      | Reached XP level 2. HP: 3/16 MP: 3/3
   680 | D:4      | Noticed a slave
   743 | D:4      | Found a sand-covered staircase.
   755 | D:4      | Noticed Edmund
   784 | Ossuary  | Entered an ossuary
   784 | Ossuary  | Noticed a wraith
   784 | Ossuary  | Noticed a wraith
   784 | Ossuary  | Noticed a wraith
   903 | Ossuary  | Slain by a human zombie

Vault maps used:
D:1:      nzn_arrival_water_spiral, serial_corexii_hall, corexii_hall_statues_u,
          corexii_hall_statues_t
D:2:      first_ration
D:3:      nicolae_ashenzari_panopticon
D:4:      gup_ossuary_entry_pyramid, uniq_pikel, uniq_edmund
Ossuary:  ossuary_kennysheep_city_of_the_dead

Skill      XL: |  1 |
---------------+----+-----
Stealth        | 1 |  1.6
Fighting       | |  2.8
Short Blades   | |  3.5
Dodging        | |  4.7

Action                   || total
-------------------------++-------
Melee: Short sword       ||   104
Armor: Animal skin       ||     5
Dodge: Dodged            ||    62

Table legend:
 A = Spawn XP
 B = Non-spawn XP
 C = Spawn XP percentage of total XP
 D = Spawn monster count
 E = Non-spawn monster count
 F = Spawn count percentage of total count
 G = Total turns spent on level
                    A         B        C        D         E        F      G
               +---------+---------+-------+---------+---------+-------+---------
         Total |       0 |      34 |   0.0 |       0 |      13 |   0.0 |   903
               +---------+---------+-------+---------+---------+-------+---------
           D:2 |       0 |       2 |   0.0 |       0 |       1 |   0.0 |    69
           D:3 |       0 |      19 |   0.0 |       0 |       6 |   0.0 |   485
           D:4 |       0 |      10 |   0.0 |       0 |       3 |   0.0 |   228
       Ossuary |       0 |       3 |   0.0 |       0 |       3 |   0.0 |   119
               +---------+---------+-------+---------+---------+-------+---------
